 Dungeon Crawl Stone Soup version 0.27-a0-1312-g5cdb2b3542 (webtiles) character file.

Game seed: 12370758625763729139

4 spiderkeys the Skirmisher (level 1, -1/16 HPs)
             Began as an Octopode Abyssal Knight on June 20, 2021.
             Was an Initiate of Lugonu.
             Slain by a kobold (5 damage)
             ... on level 1 of the Dungeon.
             The game lasted 00:01:03 (343 turns).

spiderkeys the Skirmisher (Octopode Abyssal Knight)  Turns: 343, Time: 00:01:04

Health: -1/16      AC:  1    Str: 11    XL:     1   Next: 70%
Magic:  2/2        EV: 13    Int: 14    God:    Lugonu [......]
Gold:   78         SH:  0    Dex: 11    Spells: 0/0 levels left

rFire    . . .     SeeInvis .   a - +1 spear
rCold    . . .     Faith    .   (no shield)
rNeg     . . .     Spirit   .   (helmet restricted)
rPois    .         Reflect  .   (no amulet)
rElec    .         Harm     .   (no ring)
rCorr    .         Rampage  .   (no ring)
Will     .....                  (no ring)
Stlth    ++........             (no ring)
HPRegen  0.05/turn              (no ring)
MPRegen  0.08/turn              (no ring)
                                (no ring)
                                (no ring)

@: no status effects
A: almost no armour, amphibious, 8 rings, camouflage 1, gelatinous body 1,
(nimble swimmer 1), tentacles
a: Renounce Religion


You were on level 1 of the Dungeon.
You worshipped Lugonu.
Lugonu was noncommittal.
You visited 1 branch of the dungeon, and saw 1 of its levels.
You visited the Abyss 1 time.

You collected 78 gold pieces.


Innate Abilities, Weirdness & Mutations

You cannot wear most types of armour.
You are amphibious.
You can wear up to eight rings at the same time.
Your skin changes colour to match your surroundings (Stealth+).
Your rubbery body absorbs attacks. (AC +1, EV +1)
((You are camouflaged near water. (Stealth+)))
You have tentacles for arms and can constrict up to eight enemies at once.


   Skills:
 + Level 3.0 Fighting
 + Level 2.1 Polearms
 + Level 2.4 Dodging
 + Level 2.1 Invocations


You couldn't memorise any spells.
You didn't know any spells.
Your spell library was empty.

Inventory:

Hand Weapons
 a - a +1 spear (weapon)
Missiles
 d - 18 poisoned darts
 e - 17 stones
Wands
 b - a wand of polymorph (12)
   (You found it on level 3 of the Abyss)
Potions
 c - a potion of brilliance {unknown}

Dungeon Overview and Level Annotations

Branches:
Dungeon (1/15)

Altars:

#.##...###
#.##.#.### #.
#.#...# #.###.##
#.# #..#######.
###.###..........
....##)..........
##..............
#........@.......
..##....KhJ......
# ##.....)...$..
#............
##...........
##..........
#...##..##. #.###
#.#


You could see an endoplasm, a jackal and a kobold.


Message History

A starspawn tentacle comes into view.
An iron imp comes into view.
A mana viper comes into view.
The mana viper hisses angrily.
Something shouts, "Take thy face hence, thou beslubbering fen-sucked flap-bat!"
Something shouts, "Turn tail, thou plume-plucked wibble-sucking swadder!"
A tentacle flies out from the starspawn's body!
A starspawn tentacle comes into view.
You pass through the gate.
You can no longer depart the Abyss at will.
There is a staircase leading out of the dungeon here. 😎 MP[-1]
You lost 1 mp, and now have 1/2 mp.
There is a staircase leading out of the dungeon here.
There is a staircase leading out of the dungeon here.
Key pressed, stopping explore.
Key pressed, stopping explore.
d - 18 poisoned darts 😎 MP[+1]
Your mp is fully restored (2).
You see here a +0 short sword.
You see here a +0 short sword.
A ball python comes into view.
A ball python is nearby!
The ball python hisses angrily.
You reach to attack!
You barely miss the ball python. The ball python misses you.
The ball python closely misses you.
You hit the ball python.
You kill the ball python!
Lugonu accepts your kill.
No target in view!
Key pressed, stopping explore.
Found a stone staircase leading down.
There is a stone staircase leading down here.
A frilled lizard comes into view.
The frilled lizard hisses angrily.
A frilled lizard is nearby!
You hit the frilled lizard. Your grab misses the frilled lizard.
The frilled lizard barely misses you.
You hit the frilled lizard.
You kill the frilled lizard!
Lugonu accepts your kill.
No target in view!
e - 17 stones A jackal and an endoplasm come into view.
There are monsters nearby!
There are monsters nearby!
A jackal and a goblin come into view.
A kobold comes into view. It is wielding a +0 short sword.
You reach to attack!
The helpless goblin fails to defend itself.
You hit the goblin.
You kill the goblin!
Lugonu accepts your kill.
An endoplasm comes into view.
You reach to attack!
The helpless endoplasm fails to defend itself.
You hit the endoplasm. You hit the endoplasm.
You kill the endoplasm!
Lugonu accepts your kill.
You reach to attack!
You hit the jackal but do no damage. You hit the jackal but do no damage.
Your grab misses the jackal.
The jackal bites you. x2; The jackal barely misses you.
The jackal bites you. 😮 HP[-6]
You take 6 damage, and now have 10/16 hp.
MASSIVE DAMAGE!! (PAUSE)
You are too injured to fight recklessly!
You are too injured to fight recklessly!
You miss the jackal. Your grab misses the jackal.
The kobold shouts!
The endoplasm quivers.
The jackal misses you. The jackal closely misses you.
You miss the jackal. Your grab misses the jackal.
The jackal completely misses you. The jackal barely misses you.
The jackal misses you.
You barely miss the jackal. Your grab misses the jackal.
The jackal closely misses you. The jackal misses you.
The jackal closely misses you.
The kobold hits you with a +0 short sword.
* * * LOW HITPOINT WARNING * * *
😨 HP[-5]
You take 5 damage, and now have 5/16 hp.
MASSIVE DAMAGE!! (PAUSE)
You hit the jackal.
You kill the jackal!
Lugonu accepts your kill. The jackal barely misses you.
The kobold closely misses you. 😨 HP[+1]
The jackal closely misses you. The jackal misses you.
The kobold completely misses you.
You see here a jackal corpse.
You hit the jackal but do no damage. You grab the jackal.
You constrict the jackal, but do no damage.
The jackal closely misses you. The kobold closely misses you.
You hit the jackal. You constrict the jackal. The jackal bites you.
* * * LOW HITPOINT WARNING * * *
The endoplasm jiggles.
The endoplasm closely misses you. The jackal barely misses you.
The kobold hits you with a +0 short sword.
You die...

Action                   || total
-------------------------++-------
Melee: Spear             ||    15
       Constrict         ||     1
Invok: Depart the Abyss  ||     1
 Stab: Sleeping          ||     2
Dodge: Dodged            ||    22

Levels and vault maps discovered:
D:1:      roderic_crossed_star, layout_rooms, minmay_surrounded

Notes
Turn   | Place    | Note
-------+----------+-------------------------------------------
     0 | Abyss:1  | spiderkeys the Octopode Abyssal Knight began the quest for
                  | the Orb.
     0 | Abyss:1  | Reached XP level 1. HP: 16/16 MP: 2/2
     0 | Abyss:1  | magus.rc [v1.9.10]
    18 | Abyss:1  | Found a shadowy altar of Dithmenos.
    48 | Abyss:2  | Noticed a tentacled monstrosity
    81 | Abyss:3  | Noticed a large abomination
   110 | Abyss:3  | Noticed a tentacled starspawn
   123 | Abyss:3  | Noticed an apocalypse crab
   136 | Abyss:3  | Noticed an iron imp
   136 | Abyss:3  | Noticed a mana viper
   141 | D:1      | You pass through the gate.
   141 | D:1      | Escaped the Abyss
   343 | D:1      | HP: 4/16 [jackal (2)]
   343 | D:1      | Slain by a kobold

Vanquished Creatures
  An endoplasm (D:1)
  A jackal (D:1)
  A ball python (D:1)
  A frilled lizard (D:1)
  A goblin (D:1)
5 creatures vanquished.

Vanquished Creatures (others)
  6 starspawn tentacles (Abyss:3)
6 creatures vanquished.

Grand Total: 11 creatures vanquished

Table legend:
 A = Non-vault XP
 B = Vault XP
 C = Vault XP percentage of total XP
 D = Non-vault monster count
 E = Vault monster count
 F = Vault count percentage of total count
                 A         B        C        D         E       F
            +---------+---------+-------+---------+---------+-------
      Total |       7 |       0 |   0.0 |       5 |       0 |   0.0
            +---------+---------+-------+---------+---------+-------
        D:1 |       7 |       0 |   0.0 |       5 |       0 |   0.0
            +---------+---------+-------+---------+---------+-------

Illustrated notes

Table legend:
 A = Kills in this place as a percentage of kills in entire the game.
 B = Kills by you in this place as a percentage of kills by you in the entire game.
 C = Kills by friends in this place as a percentage of kills by friends in the entire game.
 D = Other kills in this place as a percentage of other kills in the entire game.
 E = Experience gained in this place as a percentage of experience gained in the entire game.
 F = Experience gained in this place divided by the number of levels of this place that you have seen.
                   A       B       C       D       E      F
               +-------+-------+-------+-------+-------+----------------------
         Total | 100.0 | 100.0 |   N/A |   N/A | 100.0 |   1.8
       Dungeon | 100.0 | 100.0 |   N/A |   N/A | 100.0 |   7.0
               +-------+-------+-------+-------+-------+----------------------

Table legend: (Time is in decaauts)
 A = Elapsed time spent in this place.
 B = Non-inter-level travel time spent in this place.
 C = Inter-level travel time spent in this place.
 D = Time resting spent in this place.
 E = Time spent auto-exploring this place.
 F = Levels seen in this place.
 G = Mean time per level.
                   A        B        C        D        E       F      G
               +--------+--------+--------+--------+--------+-----+--------+
         Total |    342 |    342 |      0 |      0 |    208 |   4 |   85.5 |
       Dungeon |    201 |    201 |      0 |      0 |    171 |   1 |  201.0 |
         Abyss |    140 |    140 |      0 |      0 |     37 |   3 |   46.7 |
               +--------+--------+--------+--------+--------+-----+--------+

Top non-repeatable levels by time:
     D:1: 201 daAuts
 Abyss:3: 75 daAuts
 Abyss:1: 45 daAuts
 Abyss:2: 19 daAuts
